 Dungeon Crawl Stone Soup version 0.28.0-53-g5a82cb258f (webtiles) character file.

Game seed: 9885545673541011178

26 gobodom the Conjurer (level 2, -1/19 HPs)
             Began as a Demonspawn Conjurer on June 18, 2022.
             Slain by a worm (10 damage)
             ... on level 2 of the Dungeon.
             The game lasted 00:05:37 (1128 turns).

gobodom the Conjurer (Demonspawn Conjurer)          Turns: 1128, Time: 00:05:38

Health: -1/19      AC:  2    Str:  7    XL:     2   Next: 89%
Magic:  1/5        EV: 12    Int: 19    God:
Gold:   47         SH:  0    Dex: 11    Spells: 4/5 levels left

rFire   . . .      SeeInvis .   d - staff of poison
rCold   . . .      Faith    .   (no shield)
rNeg    . . .      Spirit   .   a - +0 robe
rPois   +          Reflect  .   (helmet restricted)
rElec   .          Harm     .   (no cloak)
rCorr   .          Rampage  .   (no gloves)
Will    .....                   (no boots)
Stlth   ++........              e - amulet of the acrobat
HPRegen 0.06/turn               (no ring)
MPRegen 0.09/turn               (no ring)

@: no status effects
A: antennae 1
a: no special abilities


You were on level 2 of the Dungeon.
You visited 1 branch of the dungeon, and saw 2 of its levels.

You collected 47 gold pieces.

Inventory:

Missiles
 b - 7 poisoned darts (quivered)
 f - 3 atropa-tipped darts
Armour
 a - a +0 robe (worn)
Magical Staves
 d - a staff of poison (weapon)
Jewellery
 e - an amulet of the acrobat (around neck)
Scrolls
 g - a scroll of identify
 h - a scroll of vulnerability {unknown}
Potions
 c - a potion of cancellation


   Skills:
 + Level 0.1 Staves
 + Level 1.9 Dodging
 + Level 1.8 Stealth
 + Level 2.1 Spellcasting
 + Level 4.7 Conjurations


You had 4 spell levels left.
You knew the following spells:

 Your Spells              Type           Power      Damage    Failure   Level
a - Magic Dart            Conj           80%        1d7       2%          1

Your spell library contained the following spells:

 Spells                   Type           Power      Damage    Failure   Level
 Searing Ray              Conj           40%        2d5       3%          2
 Dazzling Flash           Conj/Hex       22%        N/A       19%         3
 Fulminant Prism          Conj/Hex       5%         3d7       54%         4
 Iskenderun's Mystic Bla  Conj/Tloc      11%        2d4       54%         4


Dungeon Overview and Level Annotations

Branches:
Dungeon (2/15)

Altars:


Innate Abilities, Weirdness & Mutations

You have a pair of small antennae on your head.


Message History

The giant cockroach completely misses you.
You hit the giant cockroach.
You kill the giant cockroach!
Found an escape hatch in the ceiling.
A frilled lizard comes into view.
You see here a +0 short sword.
Casting: Magic Dart (safe; 2% risk of failure)
Confirm with . or Enter, or press ? or * to list all spells.
Aiming: Magic Dart (safe; 2% risk of failure)
Press: ? - help, Shift-Dir - straight line, f/p - worm
Aim: a worm (100% to hit)
The magic dart hits the worm.
The worm is heavily wounded.
The frilled lizard hisses angrily.
The frilled lizard hisses.
Casting: Magic Dart (safe; 2% risk of failure)
Confirm with . or Enter, or press ? or * to list all spells.
Aiming: Magic Dart (safe; 2% risk of failure)
Press: ? - help, Shift-Dir - straight line, f/p - worm
Aim: a worm (100% to hit)
The magic dart hits the worm.
The worm is lightly wounded.
Casting: Magic Dart (safe; 2% risk of failure)
Confirm with . or Enter, or press ? or * to list all spells.
Aiming: Magic Dart (safe; 2% risk of failure)
Press: ? - help, Shift-Dir - straight line, f/p - worm
Aim: a worm (100% to hit)
The magic dart hits the worm!
The worm is heavily wounded.
You hit the worm.
The worm is heavily wounded.
You hit the worm.
The worm is heavily wounded.
The worm bites you!
Ouch! That really hurt!
You barely miss the worm.
The worm is heavily wounded.
The worm bites you!
Ouch! That really hurt!
You die...

..#.#†....#
####.#.....#
..........##
######......#
...........l######
...........w.....#
#........######l#
#).......# #w#
#......### #@#
#......# #.#
#.....<# #.#
#...#### ###.####
##### #.†....#
#......# #......#
#......# #......#


You could see a worm and a frilled lizard.

Vanquished Creatures
  A ball python (D:1)
  2 endoplasms
  A giant cockroach (D:2)
  3 goblins (D:1)
  A hobgoblin (D:1)
  6 jackals (D:1)
  4 bats
  A frilled lizard (D:1)
  4 rats (D:1)
23 creatures vanquished.

Notes
Turn   | Place    | Note
-------+----------+-------------------------------------------
     0 | D:1      | gobodom the Demonspawn Conjurer began the quest for the
                  | Orb.
     0 | D:1      | Reached XP level 1. HP: 13/13 MP: 3/3
   226 | D:1      | Found a faded altar of an unknown god.
   366 | D:1      | Gained mutation: You have a pair of small antennae on your
                  | head. [demonic ancestry]
   366 | D:1      | Reached XP level 2. HP: 19/19 MP: 3/5
  1128 | D:2      | Slain by a worm

Illustrated notes

Levels and vault maps discovered:
D:1:      nzn_arrival_depleted_hourglass, layout_rooms, serial_curves,
          eino_curves_04, eino_curves_03, eino_curves_02, eino_curves_02,
          basic_ecumenical_altar
D:2:      layout_basic

Action                   || total
-------------------------++-------
Melee: Staff             ||    35
       Punch             ||     1
 Cast: Magic Dart        ||    38
  Use: Scroll            ||     1
Armor: Robe              ||     9
Dodge: Dodged            ||    41
